 Dungeon Crawl Stone Soup version 0.30-a0-737-gf23d94013f (webtiles) character file.

Game seed: 6487286323331620016

1149 freelancePsychic the Slasher (level 7, 0/58 (60) HPs)
             Began as a Demigod Gladiator on Feb 1, 2023.
             Splashed by a jelly's acid (4 damage)
             ... on level 6 of the Dungeon.
             The game lasted 00:10:32 (6145 turns).

freelancePsychic the Slasher (Demigod Gladiator)    Turns: 6145, Time: 00:10:32

HP:   0/58 (60)     AC:  5    Str: 15    XL:     7   Next: 93%
MP:   9/9           EV: 14    Int: 10    God:
Gold: 279           SH:  5    Dex: 23    Spells: 6/6 levels left

rFire   + . .      SeeInvis .    b - +3 long sword (freeze)
rCold   . . .      Faith    .    (no shield)
rNeg    . . .      Spirit   .    z - +1 leather armour {rF+}
rPois   .          Reflect  +    h - +2 helmet
rElec   .          Harm     .    w - +0 cloak
rCorr   .          Rampage  .    (no gloves)
Will    .....                    r - +0 pair of boots
Stlth   +++                      c - amulet of reflection
HPRegen 0.29/turn                (no ring)
MPRegen 0.11/turn                (no ring)

@: about to teleport, corroded, lightly drained
A: high MP 1, forlorn, divine attributes
a: no special abilities


You were on level 6 of the Dungeon.
You visited 1 branch of the dungeon, and saw 7 of its levels.
You also visited: Sewer.

You collected 389 gold pieces.
You spent 110 gold pieces at shops.

Inventory:

Hand Weapons
 a - a +1 heavy long sword
 b - a +3 long sword of freezing (weapon)
Missiles
 e - a javelin (quivered)
 m - 3 boomerangs
Armour
 h - a +2 helmet (worn)
 r - a +0 pair of boots (worn)
 w - a +0 cloak (worn)
 z - a +1 leather armour of fire resistance (worn)
Jewellery
 c - an amulet of reflection (around neck)
Wands
 B - a wand of digging (2)
Scrolls
 n - 2 scrolls of poison
 q - 2 scrolls of silence
 u - a scroll of fog
 v - 2 scrolls of magic mapping {unknown}
 x - a scroll of enchant weapon
 y - a scroll of immolation {unknown}
 A - a scroll of torment {unknown}
Potions
 f - a potion of resistance
 g - a potion of might
 i - a potion of brilliance
 k - a potion of lignification {unknown}
 p - a potion of heal wounds {unknown}
 s - a potion of invisibility {unknown}
 t - a potion of cancellation {unknown}


   Skills:
 + Level 4.8 Fighting
 * Level 6.0 Long Blades
 - Level 1.9 Throwing
 - Level 4.4 Dodging
 - Level 4.0 Stealth


You had 6 spell levels left.
You didn't know any spells.
Your spell library contained the following spells:

 Spells                   Type           Power      Damage    Failure   Level
 Sandblast                Erth           0%         2d4       43%         1
 Passwall                 Tmut/Erth      0%         N/A       56%         2
 Hailstorm                Conj/Ice       0%         3d3       80%         3
 Stone Arrow              Conj/Erth      0%         3d7       80%         3
 Ice Form                 Ice/Tmut       0%         N/A       99%         4
 Simulacrum               Ice/Necr       0%         N/A       100%        6


Dungeon Overview and Level Annotations

Branches:
Dungeon (7/15)             Temple (0/1) D:5           Sewer (visited)

Shops:
D:2 [   D:4 =   D:5 (

Annotations:
D:2 Natasha
D:5 2 runed translucent doors, Crazy Yiuf


Innate Abilities, Weirdness & Mutations

You have an increased reservoir of magic. (+10% MP)
You shall have no god before yourself.
Your divine heritage dramatically boosts your attributes as you level up.


Message History

b - a +3 long sword of freezing (weapon)
The orc warrior shouts!
The orc shouts!
You hit the orc warrior but do no damage.
The orc warrior hits you with a +0 battleaxe!
You slash the orc warrior! You freeze the orc warrior.
The orc warrior is moderately wounded.
The orc warrior barely misses you.
The orc warrior hits you with a +0 battleaxe!
* * * LOW HITPOINT WARNING * * *
Okay, then.
As you read the scroll of teleportation {@r4}, it crumbles to dust.
You feel strangely unstable. The orc warrior misses you.
The orc warrior attacks as you move away!
The orc warrior hits you with a +0 battleaxe!
* * * LOW HITPOINT WARNING * * *
There is a stone staircase leading down, spattered with blood here.
Okay, then.
Your surroundings suddenly seem different.
Splash!
You fall into the shallow water.
Moving in this stuff is going to be slow.
A jelly and a scorpion come into view.
Found a stone staircase leading down.
An ogre comes into view. It is wielding a +0 giant club.
The ogre hits you with a +0 giant club.
* * * LOW HITPOINT WARNING * * *
The jelly attacks as you move away! The jelly misses you.
The jelly attacks as you move away! The jelly closely misses you.
As you read the scroll of teleportation {@r4}, it crumbles to dust.
You feel strangely unstable. The jelly closely misses you.
The jelly attacks as you move away! The jelly hits you but does no damage.
You enter the shallow water.
Moving in this stuff is going to be slow.
You block the ogre's attack. You block the jelly's attack.
The ogre attacks as you move away! The ogre misses you.
The jelly attacks as you move away! The jelly hits you.
* * * LOW HITPOINT WARNING * * *
The acid corrodes you!
You are splashed with acid.
You die...

....###..#....#..... ..#.#
#..#....#..... . ..#.#
#..#....#..... ..
###o###..#..~.~~.~~.# .#
..#.#....##.~..~.~♣ ~###.##
#.#.........~.~≈~~###.....#
#.#Y#.#....~.~≈~.~.~~>....#
#.#.#.#####....≈.~~~......#
#.#.#.# #....≈~@JOs......#
#.#.#.# #..~..~~≈###.##....
#.#.#.# ##.....~.~..s# #
#.#)#.# #...~≈~.~.~.#
......# #..~≈~~.≈~........
#.#.#######.................
..#.............#...........
###############.#...........
.. #........#.#...........


You could see an ogre, a scorpion and a jelly.

Vanquished Creatures
  A water moccasin (Sewer)
  A centaur (D:6)
  An ogre (D:5)
  A bullfrog (D:6)
  A scorpion (D:4)
  2 wights (D:6)
  A howler monkey (D:5)
  3 hounds
  2 jellies (D:4)
  A human zombie (D:5)
  Natasha (D:2)
  4 iguanas
  2 orc wizards
  6 gnolls
  5 adders
  A white imp (D:6)
  An ufetubus (D:5)
  5 worms
  A dart slug (D:2)
  10 orcs
  13 bats
  8 endoplasms
  5 giant cockroaches
  12 goblins
  18 hobgoblins
  6 jackals
  3 quokkas
  4 ball pythons
  8 frilled lizards
  14 kobolds
  6 rats
147 creatures vanquished.

Vanquished Creatures (others)
  9 plants
9 creatures vanquished.

Grand Total: 156 creatures vanquished

Notes
Turn   | Place    | Note
-------+----------+-------------------------------------------
     0 | D:1      | freelancePsychic the Demigod Gladiator began the quest for
                  | the Orb.
     0 | D:1      | Reached XP level 1. HP: 17/17 MP: 3/3
   137 | D:1      | Reached XP level 2. HP: 24/24 MP: 4/4
   513 | D:1      | Reached skill level 1 in Stealth
   978 | D:2      | Reached skill level 3 in Long Blades
  1039 | D:2      | Reached XP level 3. HP: 22/29 MP: 5/5
  1128 | D:2      | Found Modoc's Antique Armour Emporium.
  1409 | D:2      | Noticed Natasha
  1525 | D:3      | Reached XP level 4. HP: 33/37 MP: 6/6
  2299 | D:4      | Found Kuguycw's Jewellery Boutique.
  2367 | D:4      | Reached XP level 5. HP: 30/42 MP: 7/7
  2554 | D:4      | Found a glowing drain.
  2565 | Sewer    | Entered a sewer
  2618 | Sewer    | Noticed a water moccasin
  2631 | Sewer    | Killed a water moccasin
  2632 | Sewer    | Reached XP level 6. HP: 46/51 MP: 8/8
  3553 | D:5      | Entered Level 5 of the Dungeon
  3557 | D:5      | Reached skill level 4 in Long Blades
  3759 | D:5      | Reached XP level 7. HP: 56/58 MP: 9/9
  3893 | D:5      | Found a runed translucent door.
  3893 | D:5      | Noticed a human
  4275 | D:5      | Found Cuangi Hec's Weapon Shop.
  4411 | D:5      | Found a staircase to the Ecumenical Temple.
  4471 | D:5      | Found a runed translucent door.
  4472 | D:5      | Noticed Crazy Yiuf
  4835 | D:2      | Bought a dyed leather armour for 110 gold pieces
  5156 | D:2      | Killed Natasha
  5216 | D:2      | Noticed Natasha
  5320 | D:6      | Reached skill level 5 in Long Blades
  6048 | D:6      | Reached skill level 6 in Long Blades
  6145 | D:6      | Splashed by a jelly's acid

Illustrated notes

Levels and vault maps discovered:
D:1:      psy_arrival_statuary, layout_basic
D:2:      layout_rooms, basic_altar, serial_shops, shop, minmay_lizard_king,
          uniq_natasha
D:3:      layout_basic
D:4:      layout_layer_cave, okawaru_gym_becter, cheibrodos_sewer_entry_bend,
          minmay_shop_enchanted_jewellery
D:5:      corexii_shantytown, layout_loops_corners, dk_yredelemnul_ordeal,
          overflow_temple_1_default, serial_shops, shop, moated_statue,
          uniq_crazy_yiuf_cottage
D:6:      layout_basic, chequers_serial_rivers_marsh, uniq_edmund
D:7:      layout_rooms, nemelex_diamond_rough_becter, serial_shops, shop, shop,
          kennysheep_little_box, roderic_roman_lattice

Skill      XL: |  1  2  3  4  5  6  7 |
---------------+----------------------+-----
Fighting       | 2 3 4 |  4.8
Stealth        | 1 2 3 4 |  4.0
Dodging        | 3 4 |  4.4
Long Blades    | 3 4 6 |  6.0
Throwing       | |  1.9

Action                     |  1- 3 |  4- 6 |  7- 9 || total
---------------------------+-------+-------+-------++-------
  Melee: Long sword        |   150 |   186 |   109 ||   445
         Punch             |     1 |     2 |     1 ||     4
  Throw: Throwing net      |       |     6 |       ||     6
         Dart              |       |     9 |     3 ||    12
         Javelin           |       |     1 |       ||     1
         Boomerang         |       |     1 |       ||     1
  Evoke: Wand              |       |       |     1 ||     1
    Use: Scroll            |     1 |     7 |     8 ||    16
         Potion            |       |     1 |     1 ||     2
   Stab: Sleeping          |     2 |     6 |     3 ||    11
         Held in net/web   |       |     2 |       ||     2
         Distracted        |       |     1 |       ||     1
 Armour: Leather armour    |    45 |    59 |    48 ||   152
  Dodge: Dodged            |    77 |   146 |   124 ||   347
  Block: Other             |    22 |    51 |    29 ||   102
         Reflection        |       |     1 |     2 ||     3

Table legend: (Time is in decaauts)
 A = Elapsed time spent in this place.
 B = Non-inter-level travel time spent in this place.
 C = Inter-level travel time spent in this place.
 D = Time resting spent in this place.
 E = Time spent auto-exploring this place.
 F = Levels seen in this place.
 G = Mean time per level.
                   A        B        C        D        E       F      G
               +--------+--------+--------+--------+--------+-----+--------+
         Total |   6292 |   5521 |    771 |    351 |   3504 |   8 |  786.5 |
       Dungeon |   6163 |   5392 |    771 |    351 |   3439 |   7 |  880.4 |
         Sewer |    129 |    129 |      0 |      0 |     65 |   1 |  129.0 |
               +--------+--------+--------+--------+--------+-----+--------+

Top non-repeatable levels by time:
     D:5: 1410 daAuts
     D:4: 1347 daAuts
     D:1: 1017 daAuts
     D:3: 868 daAuts
     D:6: 812 daAuts
     D:2: 698 daAuts
   Sewer: 129 daAuts
     D:7: 8 daAuts
